 Dungeon Crawl Stone Soup version 0.28.0-53-g5a82cb258f (webtiles) character file.

Game seed: 11868206311637786676

702 Woods the Insei (level 7, -1/53 HPs)
             Began as a Gnoll Transmuter on May 29, 2022.
             Splashed by a jelly's acid (5 damage)
             ... on level 4 of the Dungeon.
             The game lasted 00:07:36 (4744 turns).

Woods the Insei (Gnoll Transmuter)                  Turns: 4744, Time: 00:07:36

Health: -1/53      AC: -22   Str:  9    XL:     7   Next: 66%
Magic:  13/15      EV: 22    Int: 15    God:
Gold:   178        SH:  0    Dex: 17    Spells: 11/17 levels left

rFire   . . .      SeeInvis .     - Unarmed
rCold   . . .      Faith    .   (shield currently unavailable)
rNeg    . . .      Spirit   .   (armour currently unavailable)
rPois   x          Reflect  .   (helmet currently unavailable)
rElec   .          Harm     .   (cloak currently unavailable)
rCorr   .          Rampage  .   (gloves currently unavailable)
Will    .....                   (boots currently unavailable)
Stlth   ++........              (no amulet)
HPRegen 0.17/turn               (no ring)
MPRegen 0.14/turn               (no ring)

@: spider-form, corroded
A: venomous fangs, tiny, (fangs 1), strong nose, distributed training
a: End Transformation


You were on level 4 of the Dungeon.
You were a venomous arachnid creature.
You visited 1 branch of the dungeon, and saw 4 of its levels.

You collected 178 gold pieces.

Inventory:

Armour
 a - a +0 robe (melded)
 i - a +0 chain mail
 q - a +0 cloak (melded)
Wands
 r - a wand of digging (2)
Scrolls
 d - 2 scrolls of fog {unknown}
 f - 3 scrolls of identify {unknown}
 g - a scroll of blinking {unknown}
 j - a scroll of enchant armour {unknown}
 m - a scroll of magic mapping {unknown}
 o - 2 scrolls of teleportation {unknown}
 p - 2 scrolls of torment {unknown}
Potions
 b - 3 potions of curing {unknown}
 c - a potion of flight {unknown}
 e - 2 potions of mutation {unknown}
 h - 3 potions of heal wounds {unknown}
 k - a potion of resistance {unknown}
 l - a potion of attraction {unknown}
 n - a potion of degeneration {unknown}


   Skills:
 + Level 3.7 Fighting
 + Level 2.6 Short Blades
 + Level 2.6 Long Blades
 + Level 2.6 Axes
 + Level 2.6 Maces & Flails
 + Level 2.6 Polearms
 + Level 2.6 Staves
 + Level 2.6 Slings
 + Level 2.6 Bows
 + Level 2.6 Crossbows
 + Level 2.6 Throwing
 + Level 2.6 Armour
 + Level 5.3 Dodging
 + Level 2.6 Stealth
 + Level 2.6 Shields
 + Level 7.1 Unarmed Combat
 + Level 5.7 Spellcasting
 + Level 2.1 Conjurations
 + Level 2.1 Hexes
 + Level 2.1 Summonings
 + Level 2.1 Necromancy
 + Level 2.1 Translocations
 + Level 4.4 Transmutations
 + Level 2.1 Fire Magic
 + Level 2.1 Ice Magic
 + Level 2.1 Air Magic
 + Level 2.1 Earth Magic
 + Level 2.1 Poison Magic
 + Level 2.9 Invocations
 + Level 2.6 Evocations


You had 11 spell levels left.
You knew the following spells:

 Your Spells              Type           Power      Damage    Failure   Level
a - Beastly Appendage     Tmut           34%        N/A       10%         1
b - Wereblood             Tmut           17%        N/A       12%         2
c - Spider Form           Tmut/Pois      14%        N/A       28%         3

Your spell library contained the following spells:

 Spells                   Type           Power      Damage    Failure   Level
 Ignite Poison            Fire/Tmut/Pois 13%        N/A       32%         3
 Mephitic Cloud           Conj/Pois/Air  10%        N/A       38%         3
 Ice Form                 Ice/Tmut       14%        N/A       58%         4
 Freezing Cloud           Conj/Ice/Air   5%         6-21      95%         5
 Dispersal                Tloc           5%         N/A       100%        6
 Disjunction              Tloc           5%         N/A       100%        8


Dungeon Overview and Level Annotations

Branches:
Dungeon (4/15)
 Temple: D:4-7

Altars:
Trog


Innate Abilities, Weirdness & Mutations

You are a venomous arachnid creature.
You have poisonous fangs.
You are tiny and dextrous.
Your spellcasting is less reliable in this form.
Your armour is entirely melded.
You are incapable of wielding weapons or throwing items.
((You have very sharp teeth.))
Your uncanny sense of smell can sniff out nearby items.
Your experience applies equally to all skills.


Message History

Confirm with . or Enter, or press ? or * to list all spells.
You turn into a venomous arachnid creature.
Your +0 cloak melds into your body.
Your +0 robe melds into your body.
The endoplasm quivers.
The jelly hits you. The acid corrodes you!
You are splashed with acid!
You hit the jelly but do no damage. The acid corrodes you!
Your front legs burn!
The jelly misses you.
You hit the jelly.
Your front legs burn!
The jelly is heavily wounded.
The endoplasm hits you.
You are too injured to fight recklessly!
You bite the jelly!
Your front legs burn!
The jelly is almost dead.
The jelly hits you. The acid corrodes you!
You are splashed with acid.
* * * LOW HITPOINT WARNING * * *
The endoplasm freezes you.
You are frozen.
* * * LOW HITPOINT WARNING * * *
You see here a giant cockroach corpse.
You hit the jelly but do no damage.
Your front legs burn!
* * * LOW HITPOINT WARNING * * *
The jelly is almost dead.
The jelly completely misses you.
You hit the jelly.
The jelly is poisoned.
Your front legs burn!
* * * LOW HITPOINT WARNING * * *
The jelly is almost dead.
The jelly closely misses you.
You hit the jelly but do no damage. The acid corrodes you!
Your front legs burn!
* * * LOW HITPOINT WARNING * * *
The jelly is almost dead.
The jelly closely misses you.
You hit the jelly but do no damage.
The jelly looks as sick as possible!
The acid corrodes you!
Your front legs burn!
* * * LOW HITPOINT WARNING * * *
The jelly is almost dead.
The jelly closely misses you.
You hit the jelly but do no damage.
The jelly looks as sick as possible!
The acid corrodes you!
Your front legs burn!
You die...

..........#.##..##...# #
#####.....#.....##...# .#
##.#....(....)....# .# #
#.................####.#.###
#..#.##.....>...........<...
#..#.##..........#.†........
#....##........J.#..........
##.####.......J.!#........##
#.####......s...#..........
#####...........#####.......#.#
......########## #..........
......# #.......#.. ......#
+.......# . #.....# #.......#
####'## ∆ #.# #.#


You could see a jelly (extremely poisoned) and an endoplasm.

Vanquished Creatures
  Sigmund (D:2)
  An ice beast (D:3)
  An ogre (D:3)
  An orc priest (D:3)
  Jessica (D:3)
  A centaur skeleton (D:3)
  Terence (D:2)
  2 orc wizards (D:3)
  4 gnolls (D:3)
  6 adders
  2 worms (D:3)
  3 dart slugs
  13 orcs
  6 ball pythons
  12 endoplasms
  3 giant cockroaches
  8 goblins
  10 hobgoblins
  5 jackals
  4 quokkas
  A ball python skeleton (D:3)
  3 bats
  9 frilled lizards
  5 kobolds
  7 rats
110 creatures vanquished.

Notes
Turn   | Place    | Note
-------+----------+-------------------------------------------
     0 | D:1      | Woods the Gnoll Transmuter began the quest for the Orb.
     0 | D:1      | Reached XP level 1. HP: 17/17 MP: 6/6
    91 | D:1      | Reached XP level 2. HP: 14/23 MP: 7/7
   666 | D:1      | Reached XP level 3. HP: 23/28 MP: 7/9
   741 | D:1      | Reached skill level 5 in Spellcasting
   824 | D:1      | You fall into a shaft and drop 1 floor!
   839 | D:2      | Learned a level 2 spell: Wereblood
   843 | D:2      | Learned a level 3 spell: Spider Form
  1008 | D:1      | Reached skill level 1 in Invocations
  1193 | D:1      | Found a faded altar of an unknown god.
  1445 | D:2      | Noticed Terence
  1454 | D:2      | Killed Terence
  1455 | D:2      | Reached skill level 1 in Short Blades
  1455 | D:2      | Reached skill level 1 in Long Blades
  1455 | D:2      | Reached skill level 1 in Axes
  1455 | D:2      | Reached skill level 1 in Maces & Flails
  1455 | D:2      | Reached skill level 1 in Polearms
  1455 | D:2      | Reached skill level 1 in Staves
  1455 | D:2      | Reached skill level 1 in Slings
  1455 | D:2      | Reached skill level 1 in Bows
  1455 | D:2      | Reached skill level 1 in Crossbows
  1455 | D:2      | Reached skill level 1 in Throwing
  1455 | D:2      | Reached skill level 1 in Armour
  1455 | D:2      | Reached skill level 1 in Stealth
  1455 | D:2      | Reached skill level 1 in Shields
  1455 | D:2      | Reached skill level 1 in Evocations
  1455 | D:2      | Reached XP level 4. HP: 22/34 MP: 6/11
  1624 | D:2      | Found a bloodstained altar of Trog.
  1762 | D:2      | Noticed Sigmund
  1775 | D:2      | Killed Sigmund
  1776 | D:2      | Reached skill level 1 in Conjurations
  1776 | D:2      | Reached skill level 1 in Hexes
  1776 | D:2      | Reached skill level 1 in Summonings
  1776 | D:2      | Reached skill level 1 in Necromancy
  1776 | D:2      | Reached skill level 1 in Translocations
  1776 | D:2      | Reached skill level 1 in Fire Magic
  1776 | D:2      | Reached skill level 1 in Ice Magic
  1776 | D:2      | Reached skill level 1 in Air Magic
  1776 | D:2      | Reached skill level 1 in Earth Magic
  1776 | D:2      | Reached skill level 1 in Poison Magic
  1776 | D:2      | Reached XP level 5. HP: 26/41 MP: 9/12
  1776 | D:2      | Reached XP level 6. HP: 30/47 MP: 9/13
  2657 | D:3      | Reached skill level 5 in Dodging
  2976 | D:3      | Noticed an ice beast
  3057 | D:3      | Killed an ice beast
  3058 | D:3      | Reached skill level 7 in Unarmed Combat
  3058 | D:3      | Reached XP level 7. HP: 52/52 MP: 12/15
  3257 | D:3      | Noticed Jessica
  3261 | D:3      | Killed Jessica
  4744 | D:4      | Splashed by a jelly's acid

Illustrated notes

Levels and vault maps discovered:
D:1:      grunt_arrival_lava_bath, layout_loops_ring,
          shapermc_ecumenical_altar_hornbeckon,
          amcnicky_mini_rare_corridor_liquid
D:2:      layout_basic, basic_altar, uniq_terence, uniq_sigmund
D:3:      minmay_chambers_of_twos, layout_basic, minmay_divided_ellipse,
          uniq_jessica
D:4:      layout_basic, chequers_temple_overflow_statue_of_worship,
          portal_sewer_entry_a, uniq_crazy_yiuf_cottage

Skill      XL: |  1  2  3  4  5  6  7 |
---------------+----------------------+-----
Spellcasting   | 5 |  5.7
Invocations    | 1 2 |  2.9
Short Blades   | 1 2 |  2.6
Long Blades    | 1 2 |  2.6
Axes           | 1 2 |  2.6
Maces & Flails | 1 2 |  2.6
Polearms       | 1 2 |  2.6
Staves         | 1 2 |  2.6
Slings         | 1 2 |  2.6
Bows           | 1 2 |  2.6
Crossbows      | 1 2 |  2.6
Throwing       | 1 2 |  2.6
Armour         | 1 2 |  2.6
Stealth        | 1 2 |  2.6
Shields        | 1 2 |  2.6
Evocations     | 1 2 |  2.6
Fighting       | 3 |  3.7
Conjurations   | 1 2 |  2.1
Hexes          | 1 2 |  2.1
Summonings     | 1 2 |  2.1
Necromancy     | 1 2 |  2.1
Translocations | 1 2 |  2.1
Transmutations | 4 |  4.4
Fire Magic     | 1 2 |  2.1
Ice Magic      | 1 2 |  2.1
Air Magic      | 1 2 |  2.1
Earth Magic    | 1 2 |  2.1
Poison Magic   | 1 2 |  2.1
Dodging        | 5 |  5.3
Unarmed Combat | 7 |  7.1

Action                   |  1- 3 |  4- 6 |  7- 9 || total
-------------------------+-------+-------+-------++-------
Melee: Unarmed           |    81 |    71 |   125 ||   277
       Kick              |    17 |     6 |       ||    23
       Bite              |     3 |     1 |       ||     4
       Headbutt          |    11 |     3 |       ||    14
       Punch             |     1 |       |       ||     1
 Cast: Beastly Appendage |    23 |     7 |       ||    30
       Spider Form       |     1 |     8 |    23 ||    32
 Stab: Sleeping          |       |       |     1 ||     1
Armor: Robe              |    11 |     2 |       ||    13
       Skin              |       |     1 |     2 ||     3
Dodge: Dodged            |    55 |    58 |    92 ||   205
